AoeStats
← Meti KosLess

Arena

506458938Analyzed
4v4 RM · 20d ago on Sep 13, 2026· 44m 15s· 8 players
Game mode
Random Map
Map size
Large (8 player)
Population
200
Speed
Normal
Resources
Standard
Victory
Conquest
Starting age
Dark Age
Ending age
Imperial Age
RankedLock teamsTeams togetherTeam positionsShared explorationLock speedFull tech treeHidden civsTurbo modeCheats
Victory
Defeat
🇺🇸 Turks · United States
903
+8
🇺🇸 Bohemians · United States
758
+13
🇺🇸 Celts · United States
746
+13
🇺🇸 Poles · United States
726
+13
🇦🇷 Inca · Argentina
722
-13
🇦🇷 Goths · Argentina
707
-12
🇨🇿 Britons · Czechia
698
-12
631
-10
miroslav-havel
1:15 Loom
12:44 Feudal Age
14:08 Wheelbarrow
13:19 Town Watch
15:17 Double-Bit Axe
21:17 Stone Mining
23:30 Castle Age
21:34 Gold Mining
24:09 Padded Archer Armor
24:17 Fletching
25:17 Hand Cart
24:50 Horse Collar
26:23 Bow Saw
31:12 Crossbowman
32:05 Bodkin Arrow
35:06 Leather Archer Armor
35:22 Town Patrol
36:18 Husbandry
42:40 Imperial Age
41:47 Gold Shaft Mining
41:18 Heavy Plow
Buffy the Empire Slayer
0:57 Loom
12:28 Feudal Age
18:28 Arson
24:00 Castle Age
22:37 Bloodlines
22:00 Man-at-Arms
26:22 Pikeman
26:24 Long Swordsman
26:49 Gambesons
26:37 Crossbowman
27:23 Thumb Ring
26:38 Elite Skirmisher
27:22 Husbandry
29:35 Caravan
30:36 Stone Mining
30:41 Gold Mining
43:28 Light Cavalry
lalacrocante
8:58 Loom
11:15 Feudal Age
15:33 Castle Age
24:50 Man-at-Arms
26:09 Horse Collar
27:27 Heavy Plow
28:22 Wheelbarrow
28:06 Squires
28:19 Long Swordsman
32:31 Hand Cart
32:18 Crossbowman
33:13 Elite Skirmisher
35:45 Town Watch
35:56 Double-Bit Axe
37:17 Gold Mining
37:20 Stone Mining
40:57 Imperial Age
38:54 Ballistics
38:39 Pikeman
42:18 Conscription
41:59 Anarchy
42:53 Two-Handed Swordsman
42:56 Heavy Cavalry Archer
43:40 Perfusion
44:19 Bow Saw
44:13 Town Patrol
Vuppa Warsov
2:09 Loom
10:32 Feudal Age
10:53 Horse Collar
11:21 Double-Bit Axe
14:35 Wheelbarrow
20:29 Castle Age
19:40 Stone Mining
20:43 Gold Mining
23:00 Bow Saw
26:20 Heavy Plow
27:09 Town Watch
27:40 Hand Cart
27:35 Crossbowman
29:03 Thumb Ring
29:50 Fletching
30:04 Padded Archer Armor
40:07 Elite Skirmisher
41:04 Town Patrol
43:42 Ballistics
43:22 Bodkin Arrow
43:43 Leather Archer Armor
44:32 Gold Shaft Mining
44:33 Stone Shaft Mining
VI-BlackBeard-IV
0:27 Loom
12:38 Feudal Age
17:25 Castle Age
15:30 Horse Collar
16:07 Double-Bit Axe
17:57 Wheelbarrow
19:13 Bow Saw
19:08 Heavy Plow
26:45 Masonry
26:19 Treadmill Crane
31:20 Ballistics
34:07 Imperial Age
32:17 Hand Cart
32:12 Caravan
32:23 Gold Mining
32:23 Stone Mining
33:43 Gold Shaft Mining
33:44 Stone Shaft Mining
33:01 Town Watch
33:37 Fletching
34:59 Furor Celtica
35:53 Chemistry
35:08 Siege Engineers
35:25 Bodkin Arrow
35:10 Heavy Scorpion
36:52 Onager
37:54 Forging
37:45 Scale Mail Armor
37:48 Town Patrol
39:33 Conscription
39:49 Hoardings
39:07 Stronghold
39:33 Fortified Wall
39:33 Masonry
39:21 Murder Holes
39:12 Arrowslits
Meti KosLess
13:43 Feudal Age
13:36 Loom
17:49 Castle Age
16:02 Double-Bit Axe
16:33 Horse Collar
17:29 Bloodlines
18:45 Bow Saw
19:39 Husbandry
19:02 Light Cavalry
19:50 Gold Mining
21:22 Stone Mining
26:33 Fervor
26:33 Caravan
28:19 Forging
28:55 Scale Barding Armor
30:46 Iron Casting
30:31 Chain Barding Armor
33:18 Wheelbarrow
36:02 Imperial Age
33:41 Heavy Plow
36:55 Thumb Ring
36:12 Elite Skirmisher
36:49 Fletching
36:59 Padded Archer Armor
37:39 Lechitic Legacy
37:40 Conscription
37:53 Crop Rotation
38:31 Blast Furnace
37:27 Bodkin Arrow
39:44 Leather Archer Armor
41:08 Ballistics
41:49 Chemistry
41:17 Bracer
41:40 Szlachta Privileges
41:20 Winged Hussar
44:10 Siege Engineers
Amir Teryaki
12:06 Feudal Age
16:47 Castle Age
15:04 Double-Bit Axe
15:17 Gold Mining
21:44 Imperial Age
20:14 Padded Archer Armor
20:24 Squires
20:16 Horse Collar
22:13 Wheelbarrow
28:52 Stone Mining
29:39 Arson
30:12 Leather Archer Armor
30:28 Loom
32:28 Fletching
33:01 Masonry
35:35 Ballistics
37:42 Conscription
37:56 Hand Cart
37:41 Bodkin Arrow
39:10 Ring Archer Armor
39:35 Heavy Plow
39:59 Artillery
39:53 Town Watch
40:09 Treadmill Crane
42:45 Gold Shaft Mining
42:30 Bow Saw
42:31 Caravan
43:22 Bracer
43:45 Bombard Tower
X REZA C4 X
5:54 Loom
13:22 Feudal Age
14:48 Wheelbarrow
18:38 Castle Age
17:14 Horse Collar
17:33 Double-Bit Axe
23:12 Hand Cart
23:41 Fervor
23:53 Sanctity
30:48 Imperial Age
31:42 Chemistry
31:03 Ballistics
30:19 Elite Skirmisher
34:00 Bow Saw
33:56 Heavy Plow
33:24 Pikeman
34:06 Squires
36:17 Murder Holes
36:42 Siege Engineers
38:46 Halberdier
40:51 Houfnice
41:54 Forging
41:45 Scale Mail Armor
41:46 Padded Archer Armor
41:36 Fletching
Connection lost

Rejoining the realm…

Still unreachable

The connection could not be restored.

Session expired

The server has moved on; the page needs a fresh start.